 Dungeon Crawl Stone Soup version 0.31.0-12-g77e489cdc1 (webtiles) character file.

Game seed: 10238590228577429369

7238 Doomgape the Fighter (level 11, -7/96 HPs)
             Began as a Gargoyle Fighter on Feb 25, 2024.
             Was a Follower of Hepliaklqana.
             Incinerated by Godo's ghost (12 damage)
             ... with a sticky flame
             ... on level 1 of the Lair of Beasts.
             The game lasted 00:29:08 (8798 turns).

Doomgape the Fighter (Gargoyle Fighter)             Turns: 8798, Time: 00:29:08

Health: -7/96      AC: 28    Str: 25    XL:     11   Next: 12%
Magic:  11/11      EV:  8    Int:  8    God:    Hepliaklqana [*.....]
Gold:   760        SH:  5    Dex:  9    Spells: 10/10 levels left

rFire   . . .        x - +0 morningstar (heavy)
rCold   . . .        c - +0 buckler
rNeg    + . .        u - +1 chain mail
rPois   ∞            (no helmet)
rElec   +            (no cloak)
rCorr   .            l - +2 pair of gloves
SInv    +            (no boots)
Will    .....        e - amulet of the acrobat Stlth
                     w - +4 ring of protection
HPRegen 0.36/turn    A - ring of see invisible
MPRegen 0.12/turn

%: acrobat
@: berserking (expiring), on fire, glowing, very quick
A: reduced essence, sickness immunity, AC +8, negative energy resistance 1,
electricity resistance, torment resistance 1, petrification resistance
a: Renounce Religion, Recall Ancestor, Ancestor Identity


You were on level 1 of the Lair of Beasts.
You worshipped Hepliaklqana.
Hepliaklqana was aware of your devotion.
You visited 3 branches of the dungeon, and saw 10 of its levels.
You also visited: Ossuary.

You collected 760 gold pieces.

Inventory:

Hand Weapons
 a - a +0 flail of draining
 x - a +0 heavy morningstar (weapon)
Missiles
 i - 3 throwing nets (quivered)
 B - 4 silver javelins
Armour
 c - a +0 buckler (worn)
 l - a +2 pair of gloves (worn)
 u - a +1 chain mail (worn)
Jewellery
 e - an amulet of the acrobat (around neck)
 w - a +4 ring of protection (left hand)
 A - a ring of see invisible (right hand)
Wands
 p - a wand of polymorph (9)
 z - a wand of digging (6)
Scrolls
 b - a scroll of identify
 d - 2 scrolls of enchant armour
 j - 11 scrolls of teleportation
 n - a scroll of vulnerability
 q - 2 scrolls of noise
 r - 3 scrolls of poison
 t - a scroll of amnesia
 y - a scroll of revelation
 C - 2 scrolls of fog
Potions
 f - 5 potions of curing
 g - 2 potions of lignification
 h - a potion of berserk rage
 k - a potion of ambrosia {unknown}
 m - 4 potions of attraction
 o - a potion of resistance {unknown}
 s - a potion of haste
 v - 3 potions of enlightenment


   Skills:
 - Level 10.3 Fighting
 + Level 10.3 Maces & Flails
 - Level 10.2 Armour
 + Level 6.5 Shields


You had 10 spell levels left.
You didn't know any spells.
Your spell library contained the following spells:

 Spells                   Type           Power      Damage    Failure   Level
 Magic Dart               Conj           0%         1d3       90%         1
 Blink                    Tloc           0%         N/A       97%         2
 Call Imp                 Summ           0%         N/A       97%         2


Dungeon Overview and Level Annotations

Branches:
Dungeon (8/15)             Temple (1/1) D:7            Lair (1/5) D:8
Ossuary (visited)

Altars:
Ashenzari
Cheibriados
Dithmenos
Elyvilon
Fedhas
Gozag
Hepliaklqana
Kikubaaqudgha
Makhleb
Nemelex Xobeh
Okawaru
Qazlal
Ru
Sif Muna
Trog
Uskayaw
Vehumet
Wu Jian
Xom
Yredelemnul
Zin
The Shining One

Annotations:
D:3 3 runed translucent doors, Ijustatesigmund's ghost, amateur GrFi
D:5 Sigmund
Lair:1 Computerfleisch's ghost, journeyman MiFi


Innate Abilities, Weirdness & Mutations

Your life essence is reduced to manifest your ancestor. (-10% HP)
You are immune to sickness and miasma.
Your stone body is resilient. (AC +8)
You are immune to poison.
You resist negative energy. (rN+)
You are resistant to electric shocks. (rElec)
You are resistant to unholy torment.
You are immune to petrification.


Message History

Godo's ghost sprays you with burning goo.
The sticky flame hits you but does no damage.
You are even more covered in intense liquid fire!
Computerfleisch's ghost hits you but does no damage.
Booka hits Computerfleisch's ghost but does no damage.
You bludgeon Godo's ghost!!
Godo's ghost is heavily damaged.
The liquid fire burns you!
Godo's ghost hits you but does no damage.
Computerfleisch's ghost hits you but does no damage.
Booka hits Computerfleisch's ghost but does no damage.
Unknown command.
You puncture Godo's ghost!
Godo's ghost is severely damaged.
The liquid fire burns you! Godo's ghost completely misses you.
Computerfleisch's ghost hits you but does no damage.
Booka hits Computerfleisch's ghost but does no damage.
Unknown command.
You impale Godo's ghost!!
You destroy Godo's ghost!
The liquid fire burns you!
* * * LOW HITPOINT WARNING * * *
Computerfleisch's ghost says, "Ah, a second chance to prove myself in battle!"
Computerfleisch's ghost barely misses you.
Booka barely misses Computerfleisch's ghost.
Your Shields skill increases to level 6!
You closely miss Computerfleisch's ghost.
The liquid fire burns you!
* * * LOW HITPOINT WARNING * * *
Computerfleisch's ghost hits you but does no damage.
Booka hits Computerfleisch's ghost but does no damage.
Unknown command.
You are too berserk!
Unknown command.
You are too berserk!
You impale Computerfleisch's ghost!!
Computerfleisch's ghost is moderately damaged.
The liquid fire burns you!
You die...

# ##.# #.# ###....#
####'### ##!♣⌠♣$##
###+#..## .......#
###8.....8##
#.......#
....>..#.##?.......?
#.......#
.......+..#♣.......♣#
#.......+ .......P#
#⌠.......⌠# #.......P
.......## ♣.......♣
+...[...# ........#
###'W'#### #........
.......## #...R@...#
#.......# ####'###
#........# #.......#
##.## ###+.##.##
##+.##### ###...#
##...### #.###
#.....# #.##'#.###
#...## #.....#
##......##.#####..###
#.....#####
#......+>....#......
#.([......# #......#
#..P.#.#[.
......###....+......#
##...#.#.#


You could see the friendly Booka the ancestor and Computerfleisch's ghost (ally
target).

Vanquished Creatures
  The ghost of Godo the Thaumaturge, a journeyman DECj of Sif Muna (Lair:1)
  Maggie (D:6)
  A cane toad (Lair:1)
  2 trolls
  A hornet (D:4)
  4 blink frogs (Lair:1)
  A wraith (D:7)
  A wyvern (D:8)
  A basilisk (Lair:1)
  A steam dragon (D:8)
  Menkaure (D:5)
  2 water moccasins
  Duvessa (D:5)
  An ice beast (D:6)
  2 sky beasts (D:7)
  2 black bears
  A wolf (D:8)
  4 ogres
  3 centaurs
  A phantom (D:7)
  A kobold brigand (D:6)
  3 bullfrogs
  A scorpion (D:6)
  Dowan (D:5)
  9 killer bees
  A howler monkey (D:5)
  3 electric eels (D:8)
  A jelly (D:4)
  2 orc priests (D:8)
  8 hounds
  2 sleepcaps (D:6)
  3 iguanas
  3 orc wizards (D:8)
  8 mummies (Ossuary)
  6 gnolls (D:6)
  6 adders
  A shadow imp (D:6)
  6 white imps
  3 dart slugs
  3 ribbon worms
  22 orcs
  2 ball pythons
  3 endoplasms
  A giant cockroach (D:1)
  A gnoll zombie (Ossuary)
  5 goblins
  4 hobgoblins
  2 jackals (D:2)
  13 kobolds
  3 quokkas
  3 bats
  A hobgoblin zombie (Ossuary)
  4 kobold zombies (Ossuary)
  2 orc zombies (Ossuary)
  7 rats
176 creatures vanquished.

Vanquished Creatures (collateral kills)
  A cane toad (Lair:1)
  2 komodo dragons (Lair:1)
3 creatures vanquished.

Grand Total: 179 creatures vanquished

Notes
Turn   | Place    | Note
-------+----------+-------------------------------------------
     0 | D:1      | Doomgape the Gargoyle Fighter began the quest for the Orb.
     0 | D:1      | Reached XP level 1. HP: 14/14 MP: 1/1
   118 | D:1      | You fall into a shaft and drop 1 floor!
   118 | D:2      | Found a shimmering altar of Xom.
   191 | D:1      | Reached XP level 2. HP: 14/19 MP: 2/2
   725 | D:2      | Reached XP level 3. HP: 19/24 MP: 3/3
  1111 | D:2      | Reached XP level 4. HP: 28/29 MP: 4/4
  1598 | D:3      | Found an ancient bone altar of Kikubaaqudgha.
  1791 | D:3      | Found a runed translucent gate.
  1791 | D:3      | Found a runed translucent gate.
  1792 | D:3      | Found a runed translucent gate.
  1794 | D:3      | Noticed Ijustatesigmund's ghost (amateur GrFi)
  2121 | D:4      | Noticed a centaur
  2134 | D:4      | Killed a centaur
  2135 | D:4      | Reached XP level 5. HP: 25/34 MP: 5/5
  2182 | D:4      | Found a sacrificial altar of Ru.
  2710 | D:4      | Noticed an ogre
  2715 | D:4      | an ogre changed into a hornet
  2715 | D:4      | Noticed a hornet
  2725 | D:4      | Killed a hornet
  2726 | D:4      | Reached skill level 5 in Fighting
  2726 | D:4      | Reached skill level 5 in Armour
  2726 | D:4      | Reached XP level 6. HP: 6/40 MP: 6/6
  2888 | D:4      | Found a glowing silver altar of Zin.
  2960 | D:4      | Found a shadowy altar of Dithmenos.
  3157 | D:4      | Found a white marble altar of Elyvilon.
  3372 | D:5      | Entered Level 5 of the Dungeon
  3412 | D:5      | Found a sand-covered staircase.
  3493 | Ossuary  | Entered an ossuary
  3509 | Ossuary  | Reached XP level 7. HP: 44/44 MP: 7/7
  3879 | D:5      | Noticed Menkaure
  3894 | D:5      | Killed Menkaure
  3895 | D:5      | Reached skill level 5 in Maces & Flails
  4258 | D:5      | Reached XP level 8. HP: 48/52 MP: 8/8
  4300 | D:5      | Noticed Duvessa
  4300 | D:5      | Noticed Dowan
  4311 | D:5      | Killed Duvessa
  4318 | D:5      | Killed Dowan
  4391 | D:5      | Identified the +0 chain mail of the Evening Star {rF-
                  | Str+5}
  4714 | D:5      | Found a glowing golden altar of the Shining One.
  4980 | D:5      | Found a burning altar of Makhleb.
  4981 | D:5      | Noticed Sigmund
  5269 | D:6      | Identified the +6 falchion of the Establishment {venom,
                  | Dex+3}
  5481 | D:6      | Reached XP level 9. HP: 59/59 MP: 9/9
  5517 | D:6      | Noticed Maggie
  5540 | D:6      | Killed Maggie
  6160 | D:7      | Noticed a troll
  6169 | D:7      | Killed a troll
  6366 | D:7      | Found an opulent altar of Gozag.
  6450 | D:7      | Found a staircase to the Ecumenical Temple.
  6456 | Temple   | Entered the Ecumenical Temple
  6507 | Temple   | Became a worshipper of Hepliaklqana the Forgotten
  7058 | D:8      | Reached XP level 10. HP: 66/66 MP: 10/10
  7266 | D:8      | Found a staircase to the Lair.
  7587 | D:8      | Reached skill level 10 in Fighting
  7833 | D:8      | Reached skill level 10 in Armour
  8005 | D:8      | Reached * piety under Hepliaklqana
  8376 | Lair:1   | Entered Level 1 of the Lair of Beasts
  8639 | Lair:1   | Noticed a cane toad
  8644 | Lair:1   | Killed a cane toad
  8684 | Lair:1   | Reached skill level 5 in Shields
  8769 | Lair:1   | Noticed a cane toad
  8775 | Lair:1   | Killed a cane toad
  8776 | Lair:1   | Reached skill level 10 in Maces & Flails
  8776 | Lair:1   | Reached XP level 11. HP: 64/64 MP: 11/11
  8782 | Lair:1   | Found a runed translucent gate.
  8782 | Lair:1   | Found a runed translucent gate.
  8785 | Lair:1   | Found a runed translucent gate.
  8785 | Lair:1   | Noticed Godo's ghost (journeyman DECj)
  8785 | Lair:1   | Noticed Computerfleisch's ghost (journeyman MiFi)
  8796 | Lair:1   | Killed Godo's ghost
  8798 | Lair:1   | Incinerated by Godo's ghost

Illustrated notes

Levels and vault maps discovered:
D:1:      shiori_shiawase, layout_basic
D:2:      layout_basic, basic_altar, guppyfry_early_lair_pool
D:3:      layout_basic, kiku_gazebo_pond_becter, ebering_ghost_rock_garden
D:4:      layout_basic, amcnicky_altar_gilded,
          mainiacjoe_overflow_surrounded_room,
          nicolae_dithmenos_through_a_glass_darkly, general_overflow_altar,
          hangedman_decor_diamond_cutter, skrybe_limestone_x
D:5:      layout_layer_cave, nicolae_overflow_hidden_temple,
          kennysheep_mini_moat, nicolae_ossuary_entry_false_entrances,
          chequers_serial_rivers_room_b, uniq_sigmund, uniq_duvessa,
          uniq_menkaure
D:6:      layout_rooms, corexii_hall_statues_l, uniq_maggie
D:7:      layout_basic, nicolae_gozag_seed_capital, minmay_temple_entry_hall
D:8:      layout_basic, erik_lair_island, chequers_avenue
Temple:   minmay_temple_curvy_branch
Lair:1:   layout_roguey, gammafunk_ghost_cemetery

Skill      XL: |  1  2  3  4  5  6  7  8  9 10 11 |
---------------+----------------------------------+-----
Fighting       | 4 5 6 7 9 10 | 10.3
Armour         | 4 5 6 7 9 10 | 10.2
Maces & Flails | 3 4 5 6 8 10 | 10.3
Shields        | 5 6 |  6.5

Action                     |  1- 3 |  4- 6 |  7- 9 | 10-12 || total
---------------------------+-------+-------+-------+-------++-------
  Melee: Flail             |   118 |   104 |   347 |   159 ||   728
         Morningstar       |       |       |       |    40 ||    40
  Throw: Throwing net      |       |       |     1 |       ||     1
 Invoke: Ancestor Identity |       |       |       |     1 ||     1
  Evoke: Wand              |       |     3 |       |       ||     3
    Use: Scroll            |       |     9 |     7 |     3 ||    19
         Potion            |       |     2 |       |     1 ||     3
 Armour: Scale mail        |    81 |    88 |       |       ||   169
         Chain mail        |       |    29 |   244 |   192 ||   465
  Dodge: Dodged            |    57 |    68 |   170 |   126 ||   421
  Block: Buckler           |    21 |    23 |    52 |    40 ||   136
